 Dungeon Crawl Stone Soup version 0.30-a0-457-g4b7bca3bfa (webtiles) character file.

Game seed: 10409101024093187974

3687 Mitcholas the Basher (level 10, -5/63 HPs)
             Began as a Gargoyle Fighter on Dec 13, 2022.
             Was an Initiate of Yredelemnul.
             Killed from afar by a steam dragon (11 damage)
             ... with a ball of steam
             ... on level 7 of the Dungeon on Dec 14, 2022.
             The game lasted 00:25:26 (7038 turns).

Mitcholas the Basher (Gargoyle Fighter)             Turns: 7038, Time: 00:25:26

Health: -5/63      AC: 22    Str: 25    XL:     10   Next: 13%
Magic:  14/14      EV: 12    Int:  8    God:    Yredelemnul [......]
Gold:   447        SH: 10    Dex:  9    Spells: 9/9 levels left

rFire   . . .      SeeInvis .    y - +1 whip (elec)
rCold   . . .      Faith    .    c - +0 buckler
rNeg    + . .      Spirit   .    C - +0 chain mail
rPois   ∞          Reflect  +    (no helmet)
rElec   +          Harm     .    (no cloak)
rCorr   .          Rampage  .    o - +0 pair of gloves
Will    .....                    (no boots)
Stlth   ..........               b - amulet of reflection
HPRegen 0.30/turn                w - +4 ring of protection
MPRegen 0.14/turn                G - +4 ring of evasion

@: no status effects
A: sickness immunity, AC +7, negative energy resistance 1, electricity
resistance, torment resistance 1, petrification resistance
a: Renounce Religion, Recall Undead Harvest


You were on level 7 of the Dungeon.
You worshipped Yredelemnul.
Yredelemnul was noncommittal.
You visited 2 branches of the dungeon, and saw 10 of its levels.
You also visited: Ossuary and Bailey.

You collected 447 gold pieces.

Inventory:

Hand Weapons
 y - a +1 whip of electrocution (weapon)
 A - a +0 flail
Missiles
 F - 19 poisoned darts (quivered)
 K - 4 atropa-tipped darts
 L - 2 curare-tipped darts
 N - 4 datura-tipped darts
 O - a throwing net
Armour
 c - a +0 buckler (worn)
 o - a +0 pair of gloves (worn)
 C - a +0 chain mail (worn)
 I - a +0 helmet
Jewellery
 b - an amulet of reflection (around neck)
 i - an amulet of regeneration
 w - a +4 ring of protection (left hand)
 G - a +4 ring of evasion (right hand)
 P - a ring of fire
Wands
 n - a wand of mindburst (10)
 z - a wand of acid (6)
 M - a wand of digging (8)
Scrolls
 f - 3 scrolls of poison {unknown}
 j - 11 scrolls of identify {unknown}
 k - 3 scrolls of amnesia {unknown}
 m - 2 scrolls of fear {unknown}
 p - 2 scrolls of silence {unknown}
 r - 2 scrolls of noise {unknown}
 s - 4 scrolls of immolation {unknown}
 t - 3 scrolls of enchant armour {unknown}
 u - 4 scrolls of fog {unknown}
 v - 2 scrolls of blinking {unknown}
 x - a scroll of enchant weapon {unknown}
 E - a scroll of vulnerability {unknown}
Potions
 a - 2 potions of ambrosia {unknown}
 d - 2 potions of might
 e - 5 potions of curing {unknown}
 g - 5 potions of attraction {unknown}
 h - 3 potions of flight {unknown}
 l - 6 potions of heal wounds {unknown}
 B - 2 potions of resistance {unknown}
 D - a potion of degeneration {unknown}
 H - 2 potions of haste {unknown}
 J - 2 potions of brilliance {unknown}


   Skills:
 + Level 7.3 Fighting
 * Level 8.9 Maces & Flails
 + Level 5.4 Armour
 + Level 5.6 Shields
 * Level 5.8 Invocations
 + Level 4.7 Evocations


You had 9 spell levels left.
You didn't know any spells.
Your spell library contained the following spells:

 Spells                   Type           Power      Damage    Failure   Level
 Sting                    Tmut/Pois      0%         1d3       98%         1
 Ensorcelled Hibernation  Hex/Ice        0%         N/A       99%         2
 Passwall                 Tmut/Erth      0%         N/A       99%         2
 Poisonous Vapours        Pois/Air       0%         N/A       99%         2
 Hailstorm                Conj/Ice       0%         3d3       100%        3
 Swiftness                Air            0%         N/A       100%        3
 Vhi's Electric Charge    Tloc/Air       0%         N/A       100%        3
 Ice Form                 Ice/Tmut       0%         N/A       100%        4
 Olgreb's Toxic Radiance  Pois           0%         N/A       100%        4
 Arcjolt                  Conj/Air       0%         1d10      100%        5
 Maxwell's Capacitive Co  Air            0%         ∞         100%        8
 Simulacrum               Ice/Necr       Unusable   N/A       N/A         6

Dungeon Overview and Level Annotations

Branches:
Dungeon (9/15)             Temple (1/1) D:4         Ossuary (visited)
 Bailey (visited)
   Lair: D:8-11         Orc: D:9-12

Altars:
Ashenzari
Cheibriados
Dithmenos
Elyvilon
Fedhas
Gozag
Hepliaklqana
Kikubaaqudgha
Makhleb
Nemelex Xobeh
Okawaru
Qazlal
Ru
Sif Muna
Trog
Uskayaw
Vehumet
Wu Jian
Xom
Yredelemnul
Zin
The Shining One


Innate Abilities, Weirdness & Mutations

You are immune to sickness and miasma.
Your stone body is resilient. (AC +7)
You are immune to poison.
You resist negative energy. (rN+)
You are resistant to electric shocks. (rElec)
You are resistant to unholy torment.
You are immune to petrification.


Message History

The killer bee barely misses you.
You closely miss the killer bee.
The killer bee is lightly wounded.
The killer bee closely misses you. The steam dragon breathes steam at you.
The ball of steam hits you!
You hit the steam dragon.
The steam dragon is lightly wounded.
You are engulfed in a cloud of scalding steam.
The killer bee stings you but does no damage.
The killer bee barely misses you. The steam dragon misses you.
The steam dragon claws you but does no damage.
You closely miss the steam dragon.
The steam dragon is lightly wounded.
You are engulfed in a cloud of scalding steam.
You block the killer bee's attack.
You completely miss the steam dragon.
The steam dragon is lightly wounded.
You are engulfed in a cloud of scalding steam.
The killer bee stings you but does no damage.
The steam dragon bites you.
* * * LOW HITPOINT WARNING * * *
The steam dragon barely misses you. The killer bee stings you!
* * * LOW HITPOINT WARNING * * *
The steam dragon attacks as you move away!
The steam dragon closely misses you. x2
The killer bee attacks as you move away!
The killer bee stings you.
* * * LOW HITPOINT WARNING * * *
You are engulfed in a cloud of scalding steam.
The killer bee is engulfed in a cloud of scalding steam.
As you read the scroll labelled BIALYI OLIBU, it crumbles to dust.
Wisps of shadow whirl around you...
It was a scroll of summoning.
You block the killer bee's attack. x2
Unknown command.
You swap places.
The killer bee closely misses you. The steam dragon breathes steam at you.
The ball of steam hits your black bear! The ball of steam hits you!
You die...
Your body rises from the dead as a mindless zombie.

#.[...........# ***
#.............# *,*
####........$....######.***
........................,,**
........##..)#).........,,,*
........##..............*,,*
............#.#.........,,,*
..)##.......#y##...z....,*,*
............yyDh@..z....,,>*
............o##y.......#,,,*
..[...##......#.§z.....#*,,***
......##..#.#.#.........,,,,,*
##....+...#.#....#§.....<,,,**
#.....###.#.#..#......§.,*,,*
#.........#.#.......#.#.,,,,*
#......#######......#..,**,**
#......# **,,,,,,,,,,,,*


You could see a steam dragon (catching breath, ally target), an orc warrior
(corroded), 4 killer bees, a friendly black bear (summoned) and 3 friendly
wights.

Vanquished Creatures
  A wyvern (D:6)
  3 water moccasins
  3 orc warriors
  An ogre (D:4)
  3 ice beasts
  A black bear (D:5)
  A phantom (D:5)
  6 kobold brigands (Bailey)
  Blork the orc (D:5)
  A bullfrog (D:6)
  A necrophage (D:7)
  13 scorpions
  An electric eel (D:7)
  4 crimson imps (D:4)
  A centaur zombie (Ossuary)
  2 jellies
  A human zombie (Ossuary)
  3 orc priests
  2 hounds
  2 scorpion zombies (Ossuary)
  6 iguanas
  3 mummies (Ossuary)
  Robin (D:2)
  3 gnolls (D:5)
  11 adders
  A white imp (D:5)
  3 worms
  A dart slug (D:2)
  11 orcs
  8 ball pythons
  5 bats
  8 endoplasms
  3 giant cockroaches
  21 goblins
  9 hobgoblins
  3 quokkas
  2 frilled lizards (D:2)
  A gnoll zombie (Ossuary)
  A goblin zombie (Ossuary)
  A hobgoblin zombie (Ossuary)
  7 kobolds
  2 kobold zombies (Ossuary)
  2 orc zombies (Ossuary)
  6 rats
170 creatures vanquished.

Vanquished Creatures (collateral kills)
  A scorpion (Ossuary)
  A centaur zombie (Ossuary)
  A gnoll zombie (Ossuary)
  3 kobolds (Bailey)
  A kobold zombie (Ossuary)
7 creatures vanquished.

Vanquished Creatures (others)
  2 scorpion zombies (D:7)
  3 kobold zombies (Bailey)
  An orc (D:7)
  A goblin zombie (D:7)
7 creatures vanquished.

Grand Total: 184 creatures vanquished

Notes
Turn   | Place    | Note
-------+----------+-------------------------------------------
     0 | D:1      | Mitcholas the Gargoyle Fighter began the quest for the Orb.
     0 | D:1      | Reached XP level 1. HP: 14/14 MP: 1/1
   234 | D:1      | Reached XP level 2. HP: 15/19 MP: 2/2
   773 | D:2      | Found a blossoming altar of Fedhas.
   798 | D:2      | Reached skill level 3 in Maces & Flails
   798 | D:2      | Reached XP level 3. HP: 19/24 MP: 3/3
  1085 | D:2      | Noticed Robin
  1093 | D:2      | Reached XP level 4. HP: 29/29 MP: 4/4
  1099 | D:2      | Killed Robin
  1370 | D:2      | Reached skill level 4 in Maces & Flails
  1718 | D:3      | Reached XP level 5. HP: 34/34 MP: 5/5
  2436 | D:4      | Noticed an ice beast
  2450 | D:4      | Killed an ice beast
  2451 | D:4      | Reached skill level 1 in Evocations
  2451 | D:4      | Reached XP level 6. HP: 39/39 MP: 6/6
  2733 | D:4      | Reached skill level 5 in Maces & Flails
  3163 | D:4      | Found a staircase to the Ecumenical Temple.
  3172 | Temple   | Entered the Ecumenical Temple
  3417 | D:4      | Found a shimmering altar of Xom.
  3429 | D:4      | Reached XP level 7. HP: 42/44 MP: 7/7
  3506 | D:4      | Reached skill level 5 in Fighting
  3773 | D:5      | Entered Level 5 of the Dungeon
  4030 | D:5      | Noticed Blork the orc
  4053 | D:4      | Reached skill level 6 in Maces & Flails
  4053 | D:4      | Reached XP level 8. HP: 50/50 MP: 8/8
  4064 | D:5      | Killed Blork the orc
  4283 | D:5      | Reached skill level 5 in Shields
  4317 | D:5      | Reached skill level 5 in Armour
  4355 | D:5      | Found a glowing golden altar of the Shining One.
  4399 | D:5      | Found a stormy altar of Qazlal.
  4812 | D:6      | Found a bloodstained altar of Trog.
  4817 | D:6      | Found a basalt altar of Yredelemnul.
  4821 | D:6      | Became a worshipper of Yredelemnul the Dark
  4827 | D:6      | Found an iron altar of Okawaru.
  4833 | D:6      | Found a burning altar of Makhleb.
  4844 | D:6      | Found a sparkling altar of Nemelex Xobeh.
  4852 | D:6      | Found an ancient bone altar of Kikubaaqudgha.
  4857 | D:6      | Found a hide-covered altar of Uskayaw.
  5188 | D:6      | You fall into a shaft and drop 3 floors!
  5273 | D:8      | Found a sand-covered staircase.
  5279 | D:8      | Reached skill level 7 in Maces & Flails
  5279 | D:8      | Reached skill level 1 in Invocations
  5289 | Ossuary  | Entered an ossuary
  5355 | Ossuary  | Reached * piety under Yredelemnul
  5356 | Ossuary  | Reached XP level 9. HP: 55/55 MP: 10/10
  5413 | Ossuary  | Reached ** piety under Yredelemnul
  5561 | Ossuary  | Reached *** piety under Yredelemnul
  5728 | D:7      | Found a flagged portal.
  5747 | Bailey   | Entered a bailey
  5775 | Bailey   | Reached skill level 8 in Maces & Flails
  5897 | Bailey   | Reached skill level 5 in Invocations
  5911 | Bailey   | Found an iron altar of Okawaru.
  6562 | D:6      | Found an ornate altar of the Wu Jian Council.
  6779 | D:7      | Reached XP level 10. HP: 63/63 MP: 12/14
  7038 | D:7      | Killed from afar by a steam dragon

Illustrated notes

Levels and vault maps discovered:
D:1:      onia_arrival_pyramid, layout_loops_cross
D:2:      layout_basic, basic_altar, uniq_robin
D:3:      layout_basic
D:4:      layout_layer_cave, led_xom_imps, minmay_temple_entry_large_hall
D:5:      layout_loops_ring, kennysheep_little_box, kennysheep_mini_moat,
          minmay_curled_crystal, uniq_blork_the_orc
D:6:      layout_layer_cave, grunt_temple_overflow_octagram,
          amcnicky_altar_gilded
D:7:      layout_basic, enter_bailey_3, chequers_mini_garden,
          minmay_misc_feat_four_crosses, nicolae_water_bricks
D:8:      layout_basic, serial_undead, serial_undead_f, serial_undead_a,
          serial_undead_f, serial_undead_b, nicolae_ossuary_entry_ruins
D:9:      layout_basic, erik_lair_orcish_takeover, ebering_ghost_funeral_grove,
          chequers_jeans, minivault_16, uniq_maggie, uniq_erolcha
Temple:   minmay_freezing_vapour_temple

Skill      XL: |  1  2  3  4  5  6  7  8  9 |
---------------+----------------------------+-----
Maces & Flails | 3 4 5 6 7 8 |  8.9
Fighting       | 4 5 6 7 |  7.3
Evocations     | 1 2 3 4 |  4.7
Shields        | 4 5 |  5.6
Armour         | 4 5 |  5.4
Invocations    | 2 5 |  5.8

Action                   |  1- 3 |  4- 6 |  7- 9 | 10-12 || total
-------------------------+-------+-------+-------+-------++-------
Melee: Flail             |    85 |   193 |       |       ||   278
       Whip              |       |    13 |   367 |    65 ||   445
Invok: Dark Bargain      |       |       |     1 |       ||     1
       Recall Undead Har |       |       |       |     1 ||     1
Evoke: Wand              |       |       |     3 |     1 ||     4
  Use: Scroll            |       |       |     3 |     1 ||     4
 Stab: Distracted        |       |       |     1 |     1 ||     2
Armor: Scale mail        |    37 |   105 |    66 |       ||   208
       Chain mail        |       |       |    82 |    33 ||   115
Dodge: Dodged            |    31 |    89 |   110 |    44 ||   274
Block: Buckler           |    21 |    30 |    90 |    28 ||   169
       Reflection        |       |       |     4 |       ||     4

Table legend: (Time is in decaauts)
 A = Elapsed time spent in this place.
 B = Non-inter-level travel time spent in this place.
 C = Inter-level travel time spent in this place.
 D = Time resting spent in this place.
 E = Time spent auto-exploring this place.
 F = Levels seen in this place.
 G = Mean time per level.
                   A        B        C        D        E       F      G
               +--------+--------+--------+--------+--------+-----+--------+
         Total |   7004 |   6797 |    207 |    422 |   4290 |  12 |  583.7 |
       Dungeon |   6398 |   6191 |    207 |    375 |   4181 |   9 |  710.9 |
        Temple |     20 |     20 |      0 |      0 |     10 |   1 |   20.0 |
       Ossuary |    332 |    332 |      0 |      0 |     53 |   1 |  332.0 |
        Bailey |    253 |    253 |      0 |     47 |     46 |   1 |  253.0 |
               +--------+--------+--------+--------+--------+-----+--------+

Top non-repeatable levels by time:
     D:4: 1342 daAuts
     D:6: 1268 daAuts
     D:3: 937 daAuts
     D:2: 888 daAuts
     D:5: 846 daAuts
     D:1: 650 daAuts
     D:7: 348 daAuts
 Ossuary: 332 daAuts
  Bailey: 253 daAuts
     D:9: 81 daAuts
     D:8: 34 daAuts
  Temple: 20 daAuts
